[Event "44th Chess Olympiad Women 2022"]
[Site "Chennai"]
[Date "2022.08.02"]
[Round "5.1"]
[White "Harika, Dronavalli"]
[Black "Milliet, Sophie"]
[Result "1/2-1/2"]
[ECO "D02"]
[WhiteElo "2517"]
[BlackElo "2396"]
[Annotator "RC"]
[PlyCount "69"]
[EventDate "2022.07.29"]
[EventType "team-tourn"]
[EventCountry "IND"]
[SourceTitle "playchess.com"]
[Source "ChessBase"]
[SourceQuality "1"]
[WhiteTeam "India"]
[BlackTeam "France"]
[WhiteTeamCountry "IND"]
[BlackTeamCountry "FRA"]
[TimeControl "40/5400+30:1800+30"]

1. d4 Nf6 2. Nf3 e6 3. Bf4 d5 4. e3 Bd6 5. Ne5 O-O 6. Bd3 c5 7. c3 Nc6 8. Nd2 Qc7 9. Ndf3 c4 10. Bc2 b5 11. h4 Bb7 12. Nxc6 Bxf4 13. exf4 Bxc6 14. Ne5 Rab8 15. a3 a5 16. O-O b4 17. axb4 axb4 18. Qd2 b3 19. Bb1 Ra8 20. Rxa8 Rxa8 21. Re1 Nd7 22. f5 exf5 23. Bxf5 Nf8 24. h5 h6 25. g3 Bb7 26. Ng4 Bc8 27. Bxc8 Qxc8 28. Qf4 Ne6 29. Qf5 Nc7 30. Qf4 Ne6 31. Qf5 Nc7 32. Qf3 Qd8 33. Kg2 Ra6 34. Re5 Re6 35. Re3 1/2-1/2

[Event "44th Chess Olympiad Women 2022"]
[Site "Chennai"]
[Date "2022.08.02"]
[Round "5.1"]
[White "Sebag, Marie"]
[Black "Koneru, Humpy"]
[Result "1/2-1/2"]
[ECO "C81"]
[WhiteElo "2447"]
[BlackElo "2586"]
[Annotator "TA"]
[PlyCount "62"]
[EventDate "2022.07.29"]
[EventType "team-tourn"]
[EventCountry "IND"]
[SourceTitle "playchess.com"]
[Source "ChessBase"]
[SourceQuality "1"]
[WhiteTeam "France"]
[BlackTeam "India"]
[WhiteTeamCountry "FRA"]
[BlackTeamCountry "IND"]
[TimeControl "40/5400+30:1800+30"]

1. e4 e5 2. Nf3 Nc6 3. Bb5 a6 4. Ba4 Nf6 5. O-O Nxe4 6. d4 b5 7. Bb3 d5 8. dxe5 Be6 9. Qe2 Be7 10. Rd1 O-O 11. c4 bxc4 12. Bxc4 Bc5 13. Be3 Bxe3 14. Qxe3 Qb8 15. Bb3 Na5 16. Nbd2 Qa7 17. Nxe4 {[%emt 0:07:23] C81: Open Ruy Lopez: Keres Variation (9 Qe2).} Qxe3 18. fxe3 Nxb3 19. axb3 dxe4 20. Nd4 Rfb8 21. Rdc1 Bxb3 22. Rxc7 {[%emt 0:00:25] White wants to play Rf1.} Bd5 {[%emt 0:08:30] [#]} 23. b4 $146 ({Predecessor:} 23. Ra5 Be6 24. Nxe6 fxe6 25. Rc6 Rxb2 26. Rxe6 Rc8 27. h4 Rcc2 28. Raxa6 Rxg2+ 29. Kf1 {1-0 (74) Oliveira,S (2280)-Harshavardhan,G (2397) Chess.com INT 2020}) 23... Rxb4 {[%emt 0:16:36] [#]} 24. Rxa6 $1 Rf8 (24... Rbb8 25. Rd6) 25. Rd6 {[%emt 0:19:59] White is more active.} Rb7 26. Rxb7 Bxb7 $14 {[%emt 0:00:02] KRB-KRN} 27. e6 fxe6 28. Nxe6 Rf6 {[%emt 0:00:13] The position is equal.} 29. Rd8+ Kf7 30. Nc5 Bc6 {[%emt 0:01:37] Prevents Rd7+.} 31. Rd4 Kf8 {[%emt 0:14:20] Weighted Error Value: White=0.05 (flawless) /Black=0.07 (flawless)} 1/2-1/2

[Event "44th Chess Olympiad Women 2022"]
[Site "Chennai"]
[Date "2022.08.02"]
[Round "5.1"]
[White "Tania, Sachdev"]
[Black "Navrotescu, Andreea"]
[Result "1-0"]
[ECO "D52"]
[WhiteElo "2399"]
[BlackElo "2373"]
[Annotator "RC"]
[PlyCount "75"]
[EventDate "2022.07.29"]
[EventType "team-tourn"]
[EventCountry "IND"]
[SourceTitle "playchess.com"]
[Source "ChessBase"]
[SourceQuality "1"]
[WhiteTeam "India"]
[BlackTeam "France"]
[WhiteTeamCountry "IND"]
[BlackTeamCountry "FRA"]
[TimeControl "40/5400+30:1800+30"]

1. d4 d5 2. Nf3 Nf6 3. c4 c6 4. Nc3 e6 5. Bg5 Nbd7 6. e3 Qa5 7. Nd2 Bb4 8. Qc1 dxc4 9. Bxf6 Nxf6 10. Nxc4 Qc7 11. Be2 O-O 12. O-O Rd8 13. a3 Bf8 14. b4 b6 15. Qc2 Bb7 16. Rfd1 c5 17. dxc5 bxc5 18. b5 g6 19. Rac1 Rac8 20. Qa4 Nd5 21. Nxd5 exd5 22. Na5 Ba8 23. Bg4 Rb8 24. Nc6 Bxc6 25. bxc6 Bd6 26. g3 h5 27. Bd7 d4 28. exd4 cxd4 29. Qxd4 Bxa3 30. Ra1 Bb2 31. Qxa7 Be5 32. Qxc7 Bxc7 33. Ra7 Bb6 34. Rb7 Rxb7 35. cxb7 Bc7 36. Rc1 Bd6 37. Rc8 Rf8 38. Be8 1-0

[Event "44th Chess Olympiad Women 2022"]
[Site "Chennai"]
[Date "2022.08.02"]
[Round "5.1"]
[White "Savina, Anastasia"]
[Black "Vaishali R"]
[Result "1/2-1/2"]
[ECO "E46"]
[WhiteElo "2377"]
[BlackElo "2442"]
[Annotator "RC"]
[PlyCount "107"]
[EventDate "2022.07.29"]
[EventType "team-tourn"]
[EventCountry "IND"]
[SourceTitle "playchess.com"]
[Source "ChessBase"]
[SourceQuality "1"]
[WhiteTeam "France"]
[BlackTeam "India"]
[WhiteTeamCountry "FRA"]
[BlackTeamCountry "IND"]
[TimeControl "40/5400+30:1800+30"]

1. d4 Nf6 2. c4 e6 3. Nc3 Bb4 4. e3 O-O 5. Bd2 c5 6. d5 exd5 7. cxd5 d6 8. Nge2 Na6 9. a3 Ba5 10. Nf4 Nc7 11. Bd3 b5 12. O-O c4 13. Bc2 Bb7 14. e4 Bb6 15. Nh5 Nxh5 16. Qxh5 g6 17. Qg4 a5 18. Bg5 f6 19. Bh6 Rf7 20. Ne2 Qd7 21. Qg3 Re8 22. Nc3 Re5 23. Kh1 b4 24. axb4 axb4 25. Na4 Ba7 26. Bd2 Na6 27. f4 Re8 28. b3 c3 29. Be3 Bxe3 30. Qxe3 f5 31. Qd4 fxe4 32. Bxe4 Nc5 33. Nxc5 dxc5 34. Qc4 Rxe4 35. Qxe4 Qxd5 36. Qc2 c4 37. bxc4 Qxc4 38. Rac1 Be4 39. Qa4 Kg7 40. Qe8 Qd5 41. Rcd1 Rxf4 42. Qd7+ Qxd7 43. Rxd7+ Kh6 44. Rxf4 c2 45. Rc7 b3 46. Rh4+ Kg5 47. Rxe4 b2 48. h4+ Kh6 49. Rec4 b1=Q+ 50. Kh2 Qe1 51. Rc3 c1=R 52. Rxc1 Qxh4+ 53. Kg1 Qd4+ 54. Kh2 1/2-1/2

[Event "44th Chess Olympiad Women 2022"]
[Site "Chennai"]
[Date "2022.08.02"]
[Round "5.2"]
[White "Muzychuk, Mariya"]
[Black "Mammadzada, Gunay"]
[Result "1-0"]
[ECO "B52"]
[WhiteElo "2540"]
[BlackElo "2455"]
[Annotator "RC"]
[PlyCount "67"]
[EventDate "2022.07.29"]
[EventType "team-tourn"]
[EventCountry "IND"]
[SourceTitle "playchess.com"]
[Source "ChessBase"]
[SourceQuality "1"]
[WhiteTeam "Ukraine"]
[BlackTeam "Azerbaijan"]
[WhiteTeamCountry "UKR"]
[BlackTeamCountry "AZE"]
[TimeControl "40/5400+30:1800+30"]

1. e4 c5 2. Nf3 d6 3. Bb5+ Bd7 4. Bxd7+ Nxd7 5. O-O Ngf6 6. Qe2 e6 7. d4 cxd4 8. Nxd4 Rc8 9. c4 Qa5 10. Rd1 a6 11. b3 Be7 12. Bb2 Qh5 13. f3 O-O 14. Nc3 Rfe8 15. g4 Qh4 16. Qf2 Qxf2+ 17. Kxf2 Ne5 18. h3 g5 19. Nde2 Nfd7 20. Rd2 Nc5 21. Rad1 f6 22. Ng3 Kf7 23. Nh5 Rc7 24. Ke3 Rb8 25. Rf1 b5 26. cxb5 axb5 27. f4 gxf4+ 28. Nxf4 b4 29. Nce2 Ra8 30. Nc1 Bf8 31. g5 Ke7 32. Nfd3 Ncxd3 33. Nxd3 Rxa2 34. Bxe5 1-0

[Event "44th Chess Olympiad Women 2022"]
[Site "Chennai"]
[Date "2022.08.02"]
[Round "5.2"]
[White "Ushenina, Anna"]
[Black "Mammadova, Gulnar"]
[Result "1/2-1/2"]
[ECO "D27"]
[WhiteElo "2423"]
[BlackElo "2380"]
[Annotator "RC"]
[PlyCount "62"]
[EventDate "2022.07.29"]
[EventType "team-tourn"]
[EventCountry "IND"]
[SourceTitle "playchess.com"]
[Source "ChessBase"]
[SourceQuality "1"]
[WhiteTeam "Ukraine"]
[BlackTeam "Azerbaijan"]
[WhiteTeamCountry "UKR"]
[BlackTeamCountry "AZE"]
[TimeControl "40/5400+30:1800+30"]

1. d4 d5 2. Nf3 Nf6 3. c4 dxc4 4. e3 e6 5. Bxc4 c5 6. O-O a6 7. a4 cxd4 8. exd4 Nc6 9. Nc3 Be7 10. Bg5 O-O 11. Re1 h6 12. Bf4 Nd5 13. Bg3 Bb4 14. Qd3 Nce7 15. Ba2 Nf5 16. Rac1 Nf6 17. Be5 Bd7 18. Bb1 Bc6 19. Nh4 Bxc3 20. bxc3 g6 21. Nxf5 exf5 22. Ba2 b5 23. Rcd1 Nd5 24. f3 Qa5 25. Qd2 Kh7 26. Rc1 Rfe8 27. axb5 axb5 28. Bb1 Qd8 29. c4 bxc4 30. Rxc4 Re6 31. Rec1 Qd7 1/2-1/2

[Event "44th Chess Olympiad Women 2022"]
[Site "Chennai"]
[Date "2022.08.02"]
[Round "5.2"]
[White "Beydullayeva, Govhar"]
[Black "Muzychuk, Anna"]
[Result "1/2-1/2"]
[ECO "D85"]
[WhiteElo "2390"]
[BlackElo "2529"]
[Annotator "RC"]
[PlyCount "60"]
[EventDate "2022.07.29"]
[EventType "team-tourn"]
[EventCountry "IND"]
[SourceTitle "playchess.com"]
[Source "ChessBase"]
[SourceQuality "1"]
[WhiteTeam "Azerbaijan"]
[BlackTeam "Ukraine"]
[WhiteTeamCountry "AZE"]
[BlackTeamCountry "UKR"]
[TimeControl "40/5400+30:1800+30"]

1. d4 Nf6 2. c4 g6 3. Nc3 d5 4. cxd5 Nxd5 5. e4 Nxc3 6. bxc3 Bg7 7. Nf3 c5 8. Bb5+ Nc6 9. O-O O-O 10. Bxc6 bxc6 11. Qc2 cxd4 12. cxd4 Bg4 13. Ne5 Qxd4 14. Bb2 Qb6 15. Rab1 Bxe5 16. Bxe5 Qa5 17. Bc3 Qc5 18. Qb2 a5 19. Bd4 Qd6 20. Qc3 Be2 21. Rfe1 Bb5 22. Rbd1 Qe6 23. Bg7 Rfe8 24. Bh6 f6 25. e5 f5 26. Rd4 a4 27. a3 Rad8 28. Rxd8 Rxd8 29. Qa5 Qd5 30. e6 Be2 1/2-1/2

[Event "44th Chess Olympiad Women 2022"]
[Site "Chennai"]
[Date "2022.08.02"]
[Round "5.2"]
[White "Fataliyeva, Ulviyya"]
[Black "Buksa, Nataliya"]
[Result "1-0"]
[ECO "D30"]
[WhiteElo "2372"]
[BlackElo "2401"]
[Annotator "RC"]
[PlyCount "77"]
[EventDate "2022.07.29"]
[EventType "team-tourn"]
[EventCountry "IND"]
[SourceTitle "playchess.com"]
[Source "ChessBase"]
[SourceQuality "1"]
[WhiteTeam "Azerbaijan"]
[BlackTeam "Ukraine"]
[WhiteTeamCountry "AZE"]
[BlackTeamCountry "UKR"]
[TimeControl "40/5400+30:1800+30"]

1. d4 d5 2. c4 e6 3. Nf3 Nf6 4. Bg5 Be7 5. e3 h6 6. Bxf6 Bxf6 7. Qc2 O-O 8. h4 c5 9. g4 cxd4 10. g5 dxe3 11. fxe3 Be7 12. gxh6 Bb4+ 13. Nbd2 Qf6 14. hxg7 Qxf3 15. gxf8=Q+ Kxf8 16. Rh3 Qg4 17. h5 Bd6 18. Nb3 e5 19. h6 Bf5 20. Qd1 Qxd1+ 21. Rxd1 Bxh3 22. Bxh3 Nc6 23. cxd5 Ne7 24. Ke2 Kg8 25. Rg1+ Kh7 26. Na5 Bc7 27. Nxb7 Nxd5 28. Bg2 Ne7 29. Rd1 Bb6 30. Rd7 Ng8 31. Nd6 Rb8 32. Nxf7 Nf6 33. Rd6 Ng4 34. Be4+ Kg8 35. Ng5 Bxe3 36. h7+ Kg7 37. Rg6+ Kh8 38. Nf7+ Kxh7 39. Rxg4# 1-0

[Event "44th Chess Olympiad Women 2022"]
[Site "Chennai"]
[Date "2022.08.02"]
[Round "5.3"]
[White "Batsiashvili, Nino"]
[Black "Padmini, Rout"]
[Result "1/2-1/2"]
[ECO "D36"]
[WhiteElo "2466"]
[BlackElo "2374"]
[Annotator "RC"]
[PlyCount "117"]
[EventDate "2022.07.29"]
[EventType "team-tourn"]
[EventCountry "IND"]
[SourceTitle "playchess.com"]
[Source "ChessBase"]
[SourceQuality "1"]
[WhiteTeam "Georgia"]
[BlackTeam "India"]
[WhiteTeamCountry "GEO"]
[BlackTeamCountry "IND"]
[TimeControl "40/5400+30:1800+30"]

1. d4 Nf6 2. c4 e6 3. Nc3 d5 4. cxd5 exd5 5. Bg5 c6 6. e3 Be7 7. Bd3 Nbd7 8. Qc2 Nf8 9. Nge2 Ne6 10. Bh4 Nh5 11. Bxe7 Qxe7 12. O-O-O Nf6 13. Kb1 Nc7 14. h3 Bd7 15. g4 O-O-O 16. Ng3 g6 17. Rhe1 Kb8 18. Na4 h5 19. g5 Ne4 20. Bxe4 dxe4 21. h4 Bg4 22. Rc1 Bf3 23. Nc5 Rhe8 24. Qb3 b6 25. Rc2 Kc8 26. Na4 Qe6 27. Rec1 Rd6 28. Qb4 Kd7 29. Nc3 Nd5 30. Qa4 a5 31. Nxd5 Qxd5 32. Rc3 Ra8 33. Qc2 Kc7 34. Nf1 Re8 35. Ka1 Bg4 36. Nd2 Be2 37. Nxe4 Rxe4 38. Qxe2 Qxd4 39. Qa6 Qd5 40. Qa7+ Kd8 41. Qxb6+ Ke7 42. Rc5 Qd2 43. a3 Rxh4 44. Qc7+ Kf8 45. Rxc6 Rxc6 46. Qxc6 a4 47. Ka2 Qd3 48. Rc3 Qd1 49. Qc5+ Kg7 50. Rc1 Qb3+ 51. Ka1 Rg4 52. Qe5+ Kh7 53. Qf6 Rg2 54. f4 Rd2 55. f5 Rd1 56. fxg6+ fxg6 57. Qe7+ Kg8 58. Qe8+ Kg7 59. Qe7+ 1/2-1/2

[Event "44th Chess Olympiad Women 2022"]
[Site "Chennai"]
[Date "2022.08.02"]
[Round "5.3"]
[White "Arabidze, Meri"]
[Black "Divya Deshmukh"]
[Result "1-0"]
[ECO "D02"]
[WhiteElo "2426"]
[BlackElo "2319"]
[Annotator "RC"]
[PlyCount "85"]
[EventDate "2022.07.29"]
[EventType "team-tourn"]
[EventCountry "IND"]
[SourceTitle "playchess.com"]
[Source "ChessBase"]
[SourceQuality "1"]
[WhiteTeam "Georgia"]
[BlackTeam "India"]
[WhiteTeamCountry "GEO"]
[BlackTeamCountry "IND"]
[TimeControl "40/5400+30:1800+30"]

1. Nf3 d5 2. g3 Nd7 3. d4 b5 4. a4 b4 5. c4 e6 6. Nbd2 Ngf6 7. Bg2 Bb7 8. O-O c5 9. cxd5 Bxd5 10. Re1 Be7 11. e4 Bb7 12. a5 O-O 13. e5 Nd5 14. a6 Bc6 15. dxc5 Nxc5 16. Nd4 Rc8 17. Nxc6 Rxc6 18. Bf1 Qc8 19. Nf3 Nxa6 20. Nd4 Rb6 21. Qe2 Nb8 22. Qg4 f5 23. exf6 Nxf6 24. Qe2 Bc5 25. Nb3 Nd5 26. Nxc5 Qxc5 27. Rxa7 Rd6 28. Ra8 Qc6 29. Ra1 Qd7 30. Bh3 Re8 31. Bg5 Nc6 32. Rad1 Kh8 33. Qh5 g6 34. Qe2 Qg7 35. Be3 e5 36. Bc5 Rdd8 37. Bg2 Nde7 38. Qc4 Qf6 39. Bxb4 Nd4 40. Bc3 Nef5 41. Qa4 Rf8 42. f4 exf4 43. g4 1-0

[Event "44th Chess Olympiad Women 2022"]
[Site "Chennai"]
[Date "2022.08.02"]
[Round "5.3"]
[White "Vantika Agrawal"]
[Black "Dzagnidze, Nana"]
[Result "1/2-1/2"]
[ECO "A70"]
[WhiteElo "2371"]
[BlackElo "2531"]
[Annotator "RC"]
[PlyCount "111"]
[EventDate "2022.07.29"]
[EventType "team-tourn"]
[EventCountry "IND"]
[SourceTitle "playchess.com"]
[Source "ChessBase"]
[SourceQuality "1"]
[WhiteTeam "India"]
[BlackTeam "Georgia"]
[WhiteTeamCountry "IND"]
[BlackTeamCountry "GEO"]
[TimeControl "40/5400+30:1800+30"]

1. d4 Nf6 2. c4 e6 3. Nf3 c5 4. d5 exd5 5. cxd5 g6 6. Nc3 d6 7. Bf4 Bg7 8. Qa4+ Bd7 9. Qb3 Qc7 10. e4 O-O 11. Nd2 Nh5 12. Be3 f5 13. exf5 gxf5 14. g3 Na6 15. Nb5 Bxb5 16. Bxb5 Kh8 17. O-O-O f4 18. gxf4 c4 19. Qxc4 Qf7 20. Kb1 Rac8 21. Qb3 Nxf4 22. Rc1 Nc5 23. Bxc5 dxc5 24. d6 Qg6+ 25. Qc2 Qxd6 26. Ne4 Qe7 27. h4 c4 28. Ng5 Bf6 29. Rce1 Qg7 30. Rhg1 Nd3 31. Rd1 Bxg5 32. Rxg5 Qd4 33. Bxc4 Qxb2+ 34. Qxb2+ Nxb2 35. Kxb2 Rxc4 36. h5 Rcf4 37. Rd7 Rxf2+ 38. Kb3 R2f3+ 39. Kc2 R3f7 40. Rxf7 Rxf7 41. a4 Rg7 42. Rc5 Rd7 43. Rg5 b6 44. a5 Rg7 45. Rd5 Rc7+ 46. Kd3 Kg7 47. axb6 axb6 48. Rd6 b5 49. Rb6 Rc5 50. h6+ Kf7 51. Ke4 Rh5 52. Rb7+ Kg6 53. Rb6+ Kg5 54. Rxb5+ Kxh6 55. Rxh5+ Kxh5 56. Kf3 1/2-1/2

[Event "44th Chess Olympiad Women 2022"]
[Site "Chennai"]
[Date "2022.08.02"]
[Round "5.3"]
[White "Soumya, Swaminathan"]
[Black "Javakhishvili, Lela"]
[Result "0-1"]
[ECO "E12"]
[WhiteElo "2335"]
[BlackElo "2476"]
[Annotator "RC"]
[PlyCount "100"]
[EventDate "2022.07.29"]
[EventType "team-tourn"]
[EventCountry "IND"]
[SourceTitle "playchess.com"]
[Source "ChessBase"]
[SourceQuality "1"]
[WhiteTeam "India"]
[BlackTeam "Georgia"]
[WhiteTeamCountry "IND"]
[BlackTeamCountry "GEO"]
[TimeControl "40/5400+30:1800+30"]

1. d4 Nf6 2. c4 e6 3. Nf3 b6 4. a3 Bb7 5. Nc3 d5 6. cxd5 Nxd5 7. e3 Be7 8. Bb5+ c6 9. Bd3 O-O 10. e4 Nxc3 11. bxc3 c5 12. O-O cxd4 13. cxd4 Nc6 14. Bb2 Bf6 15. Bb1 Na5 16. Qd3 g6 17. Ba2 Rc8 18. g3 b5 19. Rfe1 Nc4 20. Bc1 Qd7 21. a4 a6 22. axb5 axb5 23. Bg5 Bg7 24. Rab1 f5 25. e5 h6 26. Bc1 Qd5 27. Rb3 g5 28. Kf1 Rfd8 29. Qb1 Bc6 30. Rd3 Ra8 31. Bb3 Bf8 32. h3 Be7 33. Red1 Rf8 34. Rc3 Kg7 35. Ke2 Bb7 36. h4 g4 37. Ne1 Ba6 38. Bxc4 bxc4 39. Ba3 Bxa3 40. Rxa3 c3+ 41. Rxa6 Rxa6 42. Qd3 Ra2+ 43. Nc2 Qe4+ 44. Qxe4 fxe4 45. Rc1 Rf3 46. Ke1 h5 47. Ke2 Rb2 48. Ke1 Kg6 49. Ke2 Rd3 50. Ke1 Rd2 0-1

[Event "44th Chess Olympiad Women 2022"]
[Site "Chennai"]
[Date "2022.08.02"]
[Round "5.4"]
[White "Kashlinskaya, Alina"]
[Black "Bulmaga, Irina"]
[Result "1/2-1/2"]
[ECO "D37"]
[WhiteElo "2505"]
[BlackElo "2394"]
[Annotator "RC"]
[PlyCount "124"]
[EventDate "2022.07.29"]
[EventType "team-tourn"]
[EventCountry "IND"]
[SourceTitle "playchess.com"]
[Source "ChessBase"]
[SourceQuality "1"]
[WhiteTeam "Poland"]
[BlackTeam "Romania"]
[WhiteTeamCountry "POL"]
[BlackTeamCountry "ROU"]
[TimeControl "40/5400+30:1800+30"]

1. d4 Nf6 2. c4 e6 3. Nf3 d5 4. Nc3 Be7 5. Bf4 O-O 6. e3 b6 7. Bd3 dxc4 8. Bxc4 Ba6 9. Qe2 Qc8 10. O-O Bxc4 11. Qxc4 c5 12. Rac1 Nbd7 13. Rfd1 Qb7 14. Nb5 a6 15. Nd6 Bxd6 16. Bxd6 Rfc8 17. Qb3 Ne4 18. dxc5 Ndxc5 19. Bxc5 Nxc5 20. Qb4 h6 21. h3 a5 22. Qb5 Qa6 23. Qxa6 Nxa6 24. Kf1 Nc5 25. Rc2 Ne4 26. Rdc1 Rc5 27. Ke2 Kf8 28. Rxc5 Nxc5 29. Ne5 Ke7 30. Nc4 Nd7 31. Rd1 Ra7 32. e4 Rc7 33. Ne3 g5 34. g3 b5 35. f4 gxf4 36. gxf4 Nb6 37. h4 h5 38. Rg1 Na4 39. Rg5 Nxb2 40. Rxb5 Nc4 41. a4 Nd6 42. Rxh5 Rc3 43. Rxa5 Rxe3+ 44. Kxe3 Nc4+ 45. Kd4 Nxa5 46. e5 Kf8 47. Kc5 Kg7 48. Kd6 Nb7+ 49. Ke7 Nc5 50. a5 Kg6 51. Ke8 Kh5 52. Kxf7 Kxh4 53. Ke7 Kg4 54. Kd6 Nb7+ 55. Kxe6 Nxa5 56. f5 Nc6 57. f6 Kf4 58. f7 Nd8+ 59. Kd5 Nxf7 60. e6 Nh6 61. e7 Ng8 62. Ke6 Nxe7 1/2-1/2

[Event "44th Chess Olympiad Women 2022"]
[Site "Chennai"]
[Date "2022.08.02"]
[Round "5.4"]
[White "Kiolbasa, Oliwia"]
[Black "Ciolacu, Alessia-Mihaela"]
[Result "1-0"]
[ECO "C60"]
[WhiteElo "2376"]
[BlackElo "2163"]
[Annotator "RC"]
[PlyCount "75"]
[EventDate "2022.07.29"]
[EventType "team-tourn"]
[EventCountry "IND"]
[SourceTitle "playchess.com"]
[Source "ChessBase"]
[SourceQuality "1"]
[WhiteTeam "Poland"]
[BlackTeam "Romania"]
[WhiteTeamCountry "POL"]
[BlackTeamCountry "ROU"]
[TimeControl "40/5400+30:1800+30"]

1. e4 e5 2. Nf3 Nc6 3. Bb5 g6 4. c3 a6 5. Bxc6 dxc6 6. d4 exd4 7. cxd4 Bg4 8. Be3 Bg7 9. Nc3 Ne7 10. O-O O-O 11. h3 Bxf3 12. Qxf3 f5 13. Bg5 h6 14. Bxe7 Qxe7 15. e5 Rad8 16. Rad1 Rfe8 17. Ne2 c5 18. Qxb7 Rb8 19. Qxa6 Rxb2 20. Nf4 cxd4 21. Qc4+ Kh7 22. Nd3 Rbb8 23. f4 Red8 24. Rc1 Qa3 25. Rf3 Ra8 26. Rc2 Ra7 27. Nb4 Qa4 28. Nc6 d3 29. Rxd3 Qxc4 30. Rxc4 Rxd3 31. Nxa7 Ra3 32. Rxc7 Rxa2 33. Nb5 Re2 34. Nd6 Kg8 35. Ne8 Bh8 36. Rc8 Kh7 37. Nf6+ Bxf6 38. exf6 1-0

[Event "44th Chess Olympiad Women 2022"]
[Site "Chennai"]
[Date "2022.08.02"]
[Round "5.4"]
[White "Sandu, Mihaela"]
[Black "Socko, Monika"]
[Result "1-0"]
[ECO "C42"]
[WhiteElo "2297"]
[BlackElo "2416"]
[Annotator "RC"]
[PlyCount "67"]
[EventDate "2022.07.29"]
[EventType "team-tourn"]
[EventCountry "IND"]
[SourceTitle "playchess.com"]
[Source "ChessBase"]
[SourceQuality "1"]
[WhiteTeam "Romania"]
[BlackTeam "Poland"]
[WhiteTeamCountry "ROU"]
[BlackTeamCountry "POL"]
[TimeControl "40/5400+30:1800+30"]

1. e4 e5 2. Nf3 Nf6 3. Nxe5 d6 4. Nf3 Nxe4 5. d4 d5 6. Bd3 Bf5 7. O-O Be7 8. c4 dxc4 9. Bxc4 Nd6 10. Bb3 O-O 11. Ne5 Nd7 12. Nc3 Nf6 13. Qf3 c6 14. d5 c5 15. Re1 Rc8 16. Bg5 h6 17. Bh4 Bh7 18. Ba4 Rc7 19. Rad1 a6 20. Rd2 Qc8 21. g4 Qd8 22. Bg3 Nfe8 23. Rde2 Bf6 24. Bxe8 Nxe8 25. d6 Nxd6 26. Nd5 Bxe5 27. Bxe5 Rd7 28. Bf6 Qa5 29. Bxg7 Kxg7 30. Qf6+ Kg8 31. Qxh6 f6 32. Re7 Rf7 33. Nxf6+ Kh8 34. Re8+ 1-0

[Event "44th Chess Olympiad Women 2022"]
[Site "Chennai"]
[Date "2022.08.02"]
[Round "5.4"]
[White "Cosma, Elena-Luminita"]
[Black "Rudzinska, Michalina"]
[Result "1-0"]
[ECO "E06"]
[WhiteElo "2248"]
[BlackElo "2315"]
[Annotator "RC"]
[PlyCount "75"]
[EventDate "2022.07.29"]
[EventType "team-tourn"]
[EventCountry "IND"]
[SourceTitle "playchess.com"]
[Source "ChessBase"]
[SourceQuality "1"]
[WhiteTeam "Romania"]
[BlackTeam "Poland"]
[WhiteTeamCountry "ROU"]
[BlackTeamCountry "POL"]
[TimeControl "40/5400+30:1800+30"]

1. Nf3 Nf6 2. g3 e6 3. Bg2 d5 4. O-O Be7 5. c4 O-O 6. d4 c6 7. Nc3 b6 8. Ne5 Nfd7 9. cxd5 Nxe5 10. dxe5 exd5 11. Nxd5 Ba6 12. Nf4 g5 13. Nd3 Qc7 14. Bd2 Nd7 15. Qc1 Nxe5 16. Bxg5 Nxd3 17. exd3 Bxd3 18. Re1 Bxg5 19. Qxg5+ Bg6 20. Rac1 Qd8 21. Qf4 Rc8 22. Bxc6 Qc7 23. Qxc7 Rxc7 24. Bf3 Rd7 25. Rcd1 Rc7 26. Rd2 Rfc8 27. h4 Rc2 28. Ree2 Rc1+ 29. Kg2 Bf5 30. Bd5 R8c7 31. f3 Bc8 32. g4 Ba6 33. Re8+ Kg7 34. Be4 Re1 35. Kf2 Rf1+ 36. Kg3 Bb5 37. Re5 Bd7 38. Re7 1-0

[Event "44th Chess Olympiad Women 2022"]
[Site "Chennai"]
[Date "2022.08.02"]
[Round "5.5"]
[White "Abdumalik, Zhansaya"]
[Black "Ordaz Valdes, Lisandra Teresa"]
[Result "1-0"]
[ECO "C42"]
[WhiteElo "2495"]
[BlackElo "2367"]
[Annotator "RC"]
[PlyCount "121"]
[EventDate "2022.07.29"]
[EventType "team-tourn"]
[EventCountry "IND"]
[SourceTitle "playchess.com"]
[Source "ChessBase"]
[SourceQuality "1"]
[WhiteTeam "Kazakhstan"]
[BlackTeam "Cuba"]
[WhiteTeamCountry "KAZ"]
[BlackTeamCountry "CUB"]
[TimeControl "40/5400+30:1800+30"]

1. e4 e5 2. Nf3 Nf6 3. Nxe5 Nxe4 4. Qe2 Qe7 5. Qxe4 d6 6. d4 dxe5 7. dxe5 Nc6 8. Bb5 Bd7 9. O-O O-O-O 10. Nc3 Qb4 11. Re1 Bc5 12. a3 Qxe4 13. Rxe4 Bf5 14. Bxc6 bxc6 15. Rc4 Bd4 16. Bg5 Rd7 17. Rxc6 Bxe5 18. Rc5 Bxc3 19. Rxc3 f6 20. Be3 Rhd8 21. Kf1 Kb7 22. Ke2 a6 23. a4 Bg4+ 24. f3 Be6 25. a5 Bd5 26. Rc5 Bf7 27. Ra4 Rd5 28. Rc3 Be8 29. Rg4 Bb5+ 30. Kf2 R8d7 31. Rb3 f5 32. Rh4 Rd2+ 33. Bxd2 Rxd2+ 34. Ke3 Rxc2 35. Rxh7 Rxg2 36. Kf4 c5 37. Re3 Kc6 38. b3 Kd5 39. h4 Rh2 40. Rh8 Bd7 41. Rd8 Kc6 42. Re7 Rxh4+ 43. Ke5 Rd4 44. Rxg7 Rd5+ 45. Kf4 Rd4+ 46. Kg5 Be6 47. Rb8 Rb4 48. Rxb4 cxb4 49. Rg6 Kd7 50. Rxe6 Kxe6 51. f4 Kd5 52. Kxf5 Kd4 53. Ke6 Kc3 54. f5 Kxb3 55. f6 Ka2 56. f7 b3 57. f8=Q b2 58. Qf2 Ka1 59. Qd4 Ka2 60. Qa4+ Kb1 61. Kd5 1-0

[Event "44th Chess Olympiad Women 2022"]
[Site "Chennai"]
[Date "2022.08.02"]
[Round "5.5"]
[White "Miranda Llanes, Yerisbel"]
[Black "Assaubayeva, Bibisara"]
[Result "1/2-1/2"]
[ECO "D23"]
[WhiteElo "2347"]
[BlackElo "2436"]
[Annotator "RC"]
[PlyCount "90"]
[EventDate "2022.07.29"]
[EventType "team-tourn"]
[EventCountry "IND"]
[SourceTitle "playchess.com"]
[Source "ChessBase"]
[SourceQuality "1"]
[WhiteTeam "Cuba"]
[BlackTeam "Kazakhstan"]
[WhiteTeamCountry "CUB"]
[BlackTeamCountry "KAZ"]
[TimeControl "40/5400+30:1800+30"]

1. d4 d5 2. c4 c6 3. Nf3 Nf6 4. Qb3 dxc4 5. Qxc4 Bf5 6. g3 e6 7. Bg2 Nbd7 8. O-O Be7 9. Rd1 O-O 10. e3 Rc8 11. Qe2 h6 12. Nc3 Ne4 13. Ne1 Ndf6 14. f3 Nxc3 15. bxc3 c5 16. e4 Bh7 17. Be3 Qa5 18. Rab1 b6 19. Bd2 Rfd8 20. Kf1 Bf8 21. Ra1 Qa3 22. Rdc1 Nd7 23. Qb5 cxd4 24. cxd4 Nb8 25. Rxc8 Rxc8 26. Qb3 Qa6+ 27. Kf2 Nc6 28. Bf1 Qb7 29. Bc3 Rd8 30. Nc2 Qc7 31. Rd1 Na5 32. Bxa5 bxa5 33. Ne3 h5 34. d5 e5 35. Nc4 Bc5+ 36. Kg2 Bd4 37. Rb1 f5 38. Bd3 fxe4 39. fxe4 Kh8 40. Qb7 Bxe4+ 41. Bxe4 Qxc4 42. Kh3 Qe2 43. Qd7 Qxe4 44. Qxd8+ Kh7 45. Qg5 Qxb1 1/2-1/2